 Dungeon Crawl Stone Soup version 0.27-a0-1196-g3e9cee4cb2 (webtiles) character file.

Game seed: 6125236423551617448

3899 bande the Cleaver (level 10, -10/60 HPs)
             Began as a Gargoyle Fighter on May 27, 2021.
             Was an Initiate of Okawaru.
             Mangled by a two-headed ogre
             ... wielding a +0 giant spiked club
              (34 damage)
             ... on level 9 of the Dungeon.
             The game lasted 00:17:10 (10229 turns).

bande the Cleaver (Gargoyle Fighter)               Turns: 10229, Time: 00:17:10

Health: -10/60     AC: 23    Str: 22    XL:     10   Next: 20%
Magic:  10/10      EV:  7    Int:  9    God:    Okawaru [......]
Gold:   309        SH: 15    Dex: 10    Spells: 9/9 levels left

rFire    . . .     SeeInvis .   a - +1 war axe (elec)
rCold    . . .     Faith    .   c - +0 kite shield
rNeg     + . .     Spirit   .   u - +0 chain mail
rPois    ∞         Reflect  +   (no helmet)
rElec    +         Harm     .   (no cloak)
rCorr    .         Rampage  .   (no gloves)
Will     .....                  w - +0 pair of boots
Stlth    ..........             v - amulet of reflection
HPRegen  0.20/turn              x - +4 ring of protection
MPRegen  0.12/turn              (no ring)

@: no status effects
A: sickness immunity, AC +7, negative energy resistance 1, electricity
resistance, torment resistance 1, petrification resistance
a: Renounce Religion


You were on level 9 of the Dungeon.
You worshipped Okawaru.
Okawaru was noncommittal.
You visited 2 branches of the dungeon, and saw 10 of its levels.
You also visited: Ossuary.

You collected 459 gold pieces.
You spent 150 gold pieces at shops.

Inventory:

Hand Weapons
 a - a +1 war axe of electrocution (weapon)
 l - a +0 flail
Missiles
 n - 5 atropa-tipped darts (quivered)
 t - 4 throwing nets
Armour
 c - a +0 kite shield (worn)
 u - a +0 chain mail (worn)
 w - a +0 pair of boots (worn)
Jewellery
 m - an amulet of the acrobat
 v - an amulet of reflection (around neck)
 x - a +4 ring of protection (left hand)
Wands
 h - a wand of iceblast (4)
 p - a wand of digging (4)
 q - a wand of acid (11)
Scrolls
 e - 6 scrolls of identify
 f - 5 scrolls of teleportation
 j - a scroll of fear
 k - 3 scrolls of enchant weapon
 s - a scroll of amnesia
Potions
 b - 2 potions of mutation {unknown}
 d - a potion of might
 g - 6 potions of curing
 i - 4 potions of heal wounds
 o - a potion of brilliance
 r - a potion of resistance {unknown}


   Skills:
 + Level 6.2 Fighting
 + Level 8.4 Axes
 + Level 7.5 Armour
 + Level 2.7 Dodging
 + Level 6.7 Shields
 * Level 4.2 Evocations


You had 9 spell levels left.
You didn't know any spells.
Your spell library contained the following spells:

 Spells                   Type           Power      Damage    Failure   Level
 Animate Skeleton         Necr           0%         N/A       100%        1
 Pain                     Necr           0%         1d4       100%        1
 Confusing Touch          Hex            0%         N/A       100%        3
 Gell's Gravitas          Tloc           0%         N/A       100%        3
 Vampiric Draining        Necr           0%         2d6       100%        3
 Animate Dead             Necr           0%         N/A       100%        4
 Petrify                  Tmut/Erth      0%         N/A       100%        4
 Agony                    Necr           0%         N/A       100%        5
 Metabolic Englaciation   Hex/Ice        0%         N/A       100%        5
 Yara's Violent Unravell  Hex/Tmut       0%         3d3       100%        5


Dungeon Overview and Level Annotations

Branches:
Dungeon (9/15)             Temple (1/1) D:5         Ossuary (visited)
   Lair: D:8-11         Orc: D:9-12

Altars:
Ashenzari
Cheibriados
Dithmenos
Elyvilon
Fedhas
Gozag
Hepliaklqana
Kikubaaqudgha
Makhleb
Nemelex Xobeh
Okawaru
Qazlal
Ru
Sif Muna
Trog
Vehumet
Xom
Yredelemnul
Zin
The Shining One

Shops:
D:4 *

Annotations:
D:4 3 runed translucent doors, armax's ghost, amateur DDFi
D:5 3 runed translucent doors, HilariousDeathArtist's ghost, novice MiBr; pablusdiablus's ghost, amateur FoFi
D:9 Psyche


Innate Abilities, Weirdness & Mutations

You are immune to sickness and miasma.
Your stone body is resilient. (AC +7)
You are immune to poison.
You resist negative energy. (rN+)
You are resistant to electric shocks. (rElec)
You are resistant to unholy torment.
You are immune to petrification.


Message History

Your +0 kite shield melds into your body.
Your +0 chain mail melds into your body.
Your +4 ring of protection melds into your body.
Your amulet of reflection melds into your body.
Your +1 war axe of electrocution stops crackling.
A two-headed ogre comes into view.
It is wielding a +0 giant spiked club and a +0 giant club.
Psyche shouts, "I'm not crazy, you are!"
Psyche gestures at you while chanting. You resist with some effort.
Psyche gestures wildly while chanting.
A swirling arc of seething chaos appears!
The arc of chaos hits the two-headed ogre.
The two-headed ogre goes berserk!
The arc of chaos hits you but does no damage.
You resist.
You hear two shouts!
Your transformation is almost over.
Psyche casts a spell.
A swirling arc of seething chaos appears!
The arc of chaos hits the two-headed ogre.
Psyche points at you and mumbles some strange words.
Psyche gestures at you while chanting.
The two-headed ogre rages.
Your transformation has ended.
Your +1 war axe of electrocution unmelds from your body.
Your +0 pair of boots unmelds from your body.
Your +0 kite shield unmelds from your body.
Your +0 chain mail unmelds from your body.
Your +4 ring of protection unmelds from your body.
Your amulet of reflection unmelds from your body.
You hear the crackle of electricity.
Psyche casts a spell at herself.
Psyche flickers and vanishes!
Deactivating autopickup; reactivate with Ctrl-A.
The two-headed ogre hits you with a +0 giant spiked club!!!
Ouch! That really hurt!
The two-headed ogre closely misses you.
The two-headed ogre hits you with a +0 giant spiked club!!
Ouch! That really hurt!
You die...

###........#.(...
#####......#......
##.#...............
#..................
#......#........#
###...####.....##
#..## #.....##
##..####O.....#
#....#.@.....#
##...#.......##
#....).........
##...<........#
##...........#
##...........
###.........
##.......#
#....#..#


You could see a two-headed ogre (berserk).

Vanquished Creatures
  Harold (D:7)
  2 centaur zombies
  Edmund (D:4)
  2 water moccasins (D:6)
  Duvessa (D:7)
  3 black bears
  4 sky beasts
  An orc warrior (D:8)
  3 centaurs
  An elf zombie (Ossuary)
  Blork the orc (D:4)
  2 bullfrogs
  Dowan (D:7)
  2 electric eels (D:6)
  4 crimson imps (D:8)
  2 human zombies (Ossuary)
  7 orc priests
  A hound (D:4)
  An iron imp (D:4)
  2 jellies
  4 iguanas
  2 orc wizards
  A killer bee zombie (D:6)
  4 mummies (Ossuary)
  11 adders
  4 gnolls (D:6)
  A shadow imp (D:6)
  A white imp (D:8)
  2 ufetubi (D:4)
  4 worms
  3 dart slugs
  17 orcs
  6 ball pythons
  A bat (D:1)
  7 endoplasms
  3 giant cockroaches
  7 hobgoblins
  6 kobolds
  5 quokkas
  5 frilled lizards
  2 gnoll zombies (Ossuary)
  9 goblins
  3 goblin zombies (Ossuary)
  A hobgoblin zombie (Ossuary)
  A kobold zombie (Ossuary)
  An orc zombie (Ossuary)
  3 rats
  A rat zombie (Ossuary)
157 creatures vanquished.

Vanquished Creatures (others)
  13 plants
13 creatures vanquished.

Grand Total: 170 creatures vanquished

Notes
Turn   | Place    | Note
-------+----------+-------------------------------------------
     0 | D:1      | bande the Gargoyle Fighter began the quest for the Orb.
     0 | D:1      | Reached XP level 1. HP: 14/14 MP: 1/1
    27 | D:1      | Found a faded altar of an unknown god.
   136 | D:1      | Reached skill level 2 in Axes
   205 | D:1      | Reached XP level 2. HP: 15/19 MP: 2/2
   733 | D:1      | Reached XP level 3. HP: 23/23 MP: 3/3
  1595 | D:2      | Reached XP level 4. HP: 23/29 MP: 4/4
  2307 | D:3      | Noticed a sky beast
  2328 | D:3      | Killed a sky beast
  2329 | D:3      | Reached skill level 3 in Axes
  2329 | D:3      | Reached skill level 1 in Dodging
  2329 | D:3      | Reached XP level 5. HP: 15/33 MP: 5/5
  2558 | D:3      | Found an ancient bone altar of Kikubaaqudgha.
  2608 | D:3      | You fall into a shaft and drop 2 floors!
  2608 | D:5      | Entered Level 5 of the Dungeon
  2628 | D:5      | Found a sand-covered staircase.
  2644 | Ossuary  | Entered an ossuary
  2663 | Ossuary  | Reached XP level 6. HP: 10/38 MP: 6/6
  2670 | Ossuary  | Reached skill level 4 in Axes
  3439 | D:4      | Noticed Blork the orc
  3446 | D:4      | Killed Blork the orc
  3447 | D:4      | Reached XP level 7. HP: 37/44 MP: 7/7
  3706 | D:4      | Found a runed translucent gate.
  3706 | D:4      | Found a runed translucent gate.
  3706 | D:4      | Found a runed translucent gate.
  3725 | D:4      | Noticed armax's ghost (amateur DDFi)
  3744 | D:4      | Found Neihicso's Assorted Antiques.
  4078 | D:3      | Reached skill level 5 in Axes
  4619 | D:4      | Bought a potion of heal wounds for 150 gold pieces
  4668 | D:4      | Found a snail-covered altar of Cheibriados.
  4669 | D:4      | Noticed Edmund
  4679 | D:4      | Killed Edmund
  4680 | D:4      | Reached skill level 5 in Armour
  5447 | D:5      | Reached XP level 8. HP: 35/48 MP: 8/8
  5568 | D:5      | Reached skill level 5 in Shields
  5589 | D:5      | Found a staircase to the Ecumenical Temple.
  5599 | Temple   | Entered the Ecumenical Temple
  5739 | D:5      | Found a sacrificial altar of Ru.
  5994 | D:5      | Found a runed translucent gate.
  5994 | D:5      | Found a runed translucent gate.
  5994 | D:5      | Found a runed translucent gate.
  5994 | D:5      | Noticed HilariousDeathArtist's ghost (novice MiBr)
  5995 | D:5      | Noticed pablusdiablus's ghost (amateur FoFi)
  6374 | D:6      | Reached skill level 5 in Fighting
  6374 | D:6      | Reached skill level 6 in Axes
  6374 | D:6      | Reached skill level 1 in Evocations
  7386 | D:6      | Reached XP level 9. HP: 51/54 MP: 9/9
  7415 | D:6      | Found an opulent altar of Gozag.
  8039 | D:7      | Noticed Harold
  8045 | D:7      | Killed Harold
  8046 | D:7      | Reached skill level 7 in Axes
  8268 | D:7      | Noticed Dowan
  8269 | D:7      | Noticed Duvessa
  8274 | D:7      | Killed Duvessa
  8277 | D:7      | Killed Dowan
  8914 | D:8      | Reached skill level 8 in Axes
  8914 | D:8      | Reached XP level 10. HP: 51/60 MP: 10/10
  9269 | D:8      | Found a shimmering altar of Xom.
  9436 | D:8      | Found a burning altar of Makhleb.
  9567 | D:8      | Found an iron altar of Okawaru.
  9795 | D:8      | Became a worshipper of Warmaster Okawaru
 10203 | D:9      | Noticed Psyche
 10205 | D:9      | Noticed a two-headed ogre
 10229 | D:9      | Mangled by a two-headed ogre

Illustrated notes

Levels and vault maps discovered:
D:1:      wheals_arrival_linesprint, layout_loops_ring,
          ebering_ecumenical_altar_petrified
D:2:      layout_loops_corners, kennysheep_boxes
D:3:      layout_basic, nicolae_kikubaaqudgha_miasma_corner
D:4:      layout_gridville, slow_altar_1, serial_shops, shop,
          ebering_ghost_rock_garden, kennysheep_generic_room_13, uniq_edmund,
          uniq_blork_the_orc
D:5:      layout_basic, nicolae_overflow_hidden_temple,
          minmay_temple_entry_glass, enter_ossuary_1, gammafunk_ghost_cemetery
D:6:      layout_basic, grunt_gozag_breadcrumbs,
          hangedman_decor_clover_reticule, chequers_big_river
D:7:      layout_loops_ring, uniq_harold, uniq_duvessa
D:8:      layout_cave_pods, lemuel_tele_altar, led_xom_imps, bloody_makhleb
D:9:      wad_pebble_path, layout_cave_pools, amcnicky_altar_gilded,
          ebering_ghost_funeral_grove, minmay_orc_keep, uniq_psyche
Temple:   cyrus_circular_temple

Skill      XL: |  1  2  3  4  5  6  7  8  9 |
---------------+----------------------------+-----
Axes           | 2 3 4 5 6 8 |  8.4
Armour         | 4 5 6 7 |  7.5
Dodging        | 1 2 |  2.7
Shields        | 4 5 6 |  6.7
Fighting       | 4 5 6 |  6.2
Evocations     | 2 4 |  4.2

Action                   |  1- 3 |  4- 6 |  7- 9 | 10-12 || total
-------------------------+-------+-------+-------+-------++-------
Melee: War axe           |   125 |   110 |   228 |    42 ||   505
  Use: Potion            |       |     1 |       |       ||     1
       Scroll            |       |     5 |     6 |     2 ||    13
Armor: Scale mail        |    65 |    70 |    94 |       ||   229
       Chain mail        |       |       |    41 |    23 ||    64
Dodge: Dodged            |    46 |    29 |    97 |    10 ||   182
Block: Kite shield       |    85 |    59 |   133 |    35 ||   312
       Reflection        |       |       |       |     3 ||     3

Table legend: (Time is in decaauts)
 A = Elapsed time spent in this place.
 B = Non-inter-level travel time spent in this place.
 C = Inter-level travel time spent in this place.
 D = Time resting spent in this place.
 E = Time spent auto-exploring this place.
 F = Levels seen in this place.
 G = Mean time per level.
                   A        B        C        D        E       F      G
               +--------+--------+--------+--------+--------+-----+--------+
         Total |  10482 |  10340 |    142 |   2034 |   5932 |  11 |  952.9 |
       Dungeon |   9599 |   9457 |    142 |   1559 |   5919 |   9 | 1066.6 |
        Temple |     74 |     74 |      0 |      0 |      0 |   1 |   74.0 |
       Ossuary |    809 |    809 |      0 |    475 |     13 |   1 |  809.0 |
               +--------+--------+--------+--------+--------+-----+--------+

Top non-repeatable levels by time:
     D:6: 1680 daAuts
     D:4: 1308 daAuts
     D:8: 1271 daAuts
     D:2: 1181 daAuts
     D:1: 1143 daAuts
     D:3: 1048 daAuts
     D:7: 956 daAuts
     D:5: 917 daAuts
 Ossuary: 809 daAuts
     D:9: 93 daAuts
  Temple: 74 daAuts
